 Dungeon Crawl Stone Soup version 0.29-a0-11-ga75d3d97ab (webtiles) character file.

Game seed: 1359506406224388888

373 horus123 the Conjurer (level 7, 0/59 HPs)
             Began as a Human Monk on Jan 28, 2022.
             Succumbed to a killer bee's poison
             ... on level 5 of the Dungeon.
             The game lasted 00:08:56 (5618 turns).

horus123 the Conjurer (Human Monk)                  Turns: 5618, Time: 00:08:56

Health: 0/59       AC:  6    Str: 11    XL:     7   Next: 2%
Magic:  15/20      EV: 13    Int: 10    God:
Gold:   166        SH:  0    Dex: 16    Spells: 9/12 levels left

rFire   . . .      SeeInvis .   p - +0 flail
rCold   . . .      Faith    .   (no shield)
rNeg    . . .      Spirit   .   b - +0 robe
rPois   .          Reflect  .   (helmet restricted)
rElec   .          Harm     .   f - +0 cloak
rCorr   .          Rampage  .   c - +0 pair of gloves
Will    +....                   (no boots)
Stlth   ++........              (no amulet)
HPRegen 0.19/turn               d - ring of magical power
MPRegen 0.17/turn               o - ring of willpower

@: brilliant, lethally poisoned (0 -> -15)
A: horns 1, iridescent scales 1, dopey 1, robust 1
a: no special abilities


You were on level 5 of the Dungeon.
You visited 1 branch of the dungeon, and saw 5 of its levels.

You collected 166 gold pieces.

Inventory:

Hand Weapons
 a - a +0 mace
 p - a +0 flail (weapon)
Armour
 b - a +0 robe (worn)
 c - a +0 pair of gloves (worn)
 f - a +0 cloak (worn)
 n - a +0 helmet
Jewellery
 d - a ring of magical power (left hand)
 o - a ring of willpower (right hand)
Wands
 j - a wand of digging (4)
Scrolls
 g - a scroll of magic mapping
 i - a scroll of noise
 m - a scroll of immolation
 q - a scroll of teleportation
Potions
 e - a potion of lignification
 h - 3 potions of haste
 l - a potion of brilliance


   Skills:
 - Level 4.0 Fighting
 - Level 3.0 Maces & Flails
 - Level 3.0 Dodging
 - Level 2.0 Stealth
 - Level 3.2 Spellcasting
 + Level 4.4 Conjurations


You had 9 spell levels left.
You knew the following spells:

 Your Spells              Type           Power      Damage    Failure   Level
a - Magic Dart            Conj           60%        1d6       4%          1
b - Searing Ray           Conj           30%        2d5       7%          2

Your spell library contained the following spells:

 Spells                   Type           Power      Damage    Failure   Level
 Animate Skeleton         Necr           4%         N/A       28%         1
 Pain                     Necr           8%         1d4       28%         1
 Ensorcelled Hibernation  Hex/Ice        4%         N/A       38%         2
 Passwall                 Tmut/Erth      1%         N/A       38%         2
 Swiftness                Air            2%         N/A       63%         3
 Vampiric Draining        Necr           2%         2d6       63%         3
 Fulminant Prism          Conj/Hex       4%         3d6       73%         4


Dungeon Overview and Level Annotations

Branches:
Dungeon (5/15)
 Temple: D:4-7

Altars:
Hepliaklqana
Sif Muna
Xom

Shops:
D:4 (

Annotations:
D:4 1 runed translucent door, a3don's ghost, amateur HuFi


Innate Abilities, Weirdness & Mutations

You have a pair of small horns on your head.
You are partially covered in iridescent scales. (AC +2)
You are dopey. (Int -2)
You are robust. (+10% HP)


Message History

You are more poisoned.
The killer bee poisons you!
The searing ray misses the killer bee.
You feel very sick. The killer bee stings you. The killer bee misses you.
The searing ray misses the killer bee.
You feel very sick. The killer bee stings you. The killer bee misses you.
The searing ray hits the killer bee!
The killer bee is heavily wounded.
You finish channelling your searing ray.
You feel very sick. The killer bee closely misses you.
The killer bee stings you.
You are more poisoned.
The killer bee poisons you!
You barely miss the killer bee.
The killer bee is heavily wounded.
You feel very sick. The killer bee stings you. x2
* * * LOW HITPOINT WARNING * * *
You hit the killer bee but do no damage.
The killer bee is heavily wounded.
You feel very sick. The killer bee stings you.
* * * LOW HITPOINT WARNING * * *
The killer bee barely misses you. The killer bee closely misses you.
Unknown command.
It was a potion of mutation.
You feel extremely strange.
You feel stupid.
Iridescent scales grow over part of your body.
You feel robust. A pair of horns grows on your head!
Your +0 helmet falls away!
* * * LOW HITPOINT WARNING * * *
You feel sick. The killer bee closely misses you. The killer bee stings you.
* * * LOW HITPOINT WARNING * * *
You are more poisoned.
The killer bee poisons you!
It was a potion of brilliance.
You feel clever all of a sudden.
You die...

### #.#.. #...y##
#.#.#@## #..#.##.###
#.........# #.##.##.#.#
#.#.#.##.## #†..##.(.##
#############.#......##
#.[..........###......#
#.###########.#......##


You could see a killer bee.

Vanquished Creatures
  A water moccasin skeleton (D:4)
  A hound (D:4)
  Jessica (D:3)
  3 iguanas
  An orc wizard (D:3)
  Robin (D:3)
  3 adders
  An ufetubus (D:4)
  4 worms
  A dart slug (D:1)
  5 orcs
  5 endoplasms
  A giant cockroach (D:1)
  25 goblins
  10 hobgoblins
  3 jackals (D:3)
  7 quokkas
  14 ball pythons
  6 bats
  2 frilled lizards
  9 kobolds
  4 rats
108 creatures vanquished.

Vanquished Creatures (others)
  15 plants
15 creatures vanquished.

Grand Total: 123 creatures vanquished

Notes
Turn   | Place    | Note
-------+----------+-------------------------------------------
     0 | D:1      | horus123 the Human Monk began the quest for the Orb.
     0 | D:1      | Reached XP level 1. HP: 18/18 MP: 1/1
   219 | D:1      | Reached XP level 2. HP: 24/24 MP: 2/2
   417 | D:1      | Learned a level 1 spell: Magic Dart
   459 | D:1      | Reached XP level 3. HP: 16/30 MP: 3/3
   791 | D:1      | Learned a level 2 spell: Searing Ray
  1026 | D:1      | Reached skill level 1 in Spellcasting
  1263 | D:2      | Found a faded altar of an unknown god.
  1462 | D:2      | Reached skill level 1 in Conjurations
  1462 | D:2      | Reached XP level 4. HP: 32/37 MP: 5/5
  2221 | D:2      | Found a hazy altar of Hepliaklqana.
  3060 | D:3      | Noticed Robin
  3078 | D:3      | Reached XP level 5. HP: 42/42 MP: 6/6
  3608 | D:3      | Noticed Jessica
  3611 | D:3      | Killed Jessica
  4103 | D:3      | Killed Robin
  4104 | D:3      | Reached XP level 6. HP: 40/48 MP: 7/7
  4813 | D:4      | Found a runed translucent door.
  4815 | D:4      | Noticed a3don's ghost (amateur HuFi)
  4902 | D:4      | Found a shimmering blue altar of Sif Muna.
  4914 | D:4      | Found a shimmering altar of Xom.
  5220 | D:4      | Found Vemomor's Weapon Shop.
  5500 | D:5      | Entered Level 5 of the Dungeon
  5539 | D:5      | Reached XP level 7. HP: 44/54 MP: 11/11
  5617 | D:5      | Gained mutation: You are dopey. (Int -2) [potion of
                  | mutation]
  5617 | D:5      | Gained mutation: You are partially covered in iridescent
                  | scales. (AC +2) [potion of mutation]
  5617 | D:5      | Gained mutation: You are robust. (+10% HP) [potion of
                  | mutation]
  5617 | D:5      | Gained mutation: You have a pair of small horns on your
                  | head. [potion of mutation]
  5618 | D:5      | Succumbed to a killer bee's poison

Illustrated notes

Levels and vault maps discovered:
D:1:      amcnicky_arrival_feature_with_door, layout_loops_ring,
          minmay_misc_feat_room
D:2:      layout_basic, basic_altar, hellmonk_ecumenical_altar_heavens_door,
          hangedman_feature_mirror, guppyfry_early_lair_pool
D:3:      kennysheep_goblin_castle, layout_loops_ring, serial_aquarium,
          aquarium_bridge_long_joined [aquarium_subvault_bridge,
          aquarium_subvault_bridge, aquarium_subvault_wall,
          aquarium_subvault_wall, aquarium_subvault_bridge,
          aquarium_subvault_bridge], aquarium_window_1, aquarium_window_1,
          aquarium_window_3, aquarium_window_1, aquarium_view_2d,
          aquarium_view_2e, grunt_ministairs_9, uniq_jessica
D:4:      kennysheep_the_goblin_king, layout_basic, overflow_temple_1_default,
          lemuel_doored_altar, serial_shops, nicolae_shop_statue_plus,
          ebering_ghost_sewer_d, chequers_big_river
D:5:      layout_loops_ring, okawaru_ov_weapons_minmay, gup_sewer_entry_bowl,
          uniq_blork_the_orc, uniq_sigmund, uniq_duvessa

Skill      XL: |  1  2  3  4  5  6 |
---------------+-------------------+-----
Fighting       | 4 |  4.0
Spellcasting   | 1 3 |  3.2
Conjurations   | 1 2 4 |  4.4
Maces & Flails | |  3.0
Dodging        | |  3.0
Stealth        | |  2.0

Action                   |  1- 3 |  4- 6 |  7- 9 || total
-------------------------+-------+-------+-------++-------
Melee: Mace              |    94 |   164 |       ||   258
       Punch             |     1 |     3 |       ||     4
       Flail             |       |     4 |     2 ||     6
 Cast: Magic Dart        |     5 |    64 |     1 ||    70
       Searing Ray       |       |     7 |     1 ||     8
  Use: Scroll            |     1 |     6 |       ||     7
       Potion            |       |       |     2 ||     2
 Stab: Sleeping          |     5 |     4 |       ||     9
       Distracted        |       |     1 |       ||     1
Armor: Robe              |    10 |    46 |       ||    56
Dodge: Dodged            |    68 |   148 |     6 ||   222

Table legend: (Time is in decaauts)
 A = Elapsed time spent in this place.
 B = Non-inter-level travel time spent in this place.
 C = Inter-level travel time spent in this place.
 D = Time resting spent in this place.
 E = Time spent auto-exploring this place.
 F = Levels seen in this place.
 G = Mean time per level.
                   A        B        C        D        E       F      G
               +--------+--------+--------+--------+--------+-----+--------+
         Total |   5697 |   5586 |    111 |   1155 |   3487 |   5 | 1139.4 |
       Dungeon |   5697 |   5586 |    111 |   1155 |   3487 |   5 | 1139.4 |
               +--------+--------+--------+--------+--------+-----+--------+

Top non-repeatable levels by time:
     D:3: 1726 daAuts
     D:2: 1456 daAuts
     D:4: 1254 daAuts
     D:1: 1142 daAuts
     D:5: 118 daAuts
